 Dungeon Crawl Stone Soup version 0.27.0-1-g7a089689b8 (webtiles) character file.

Game seed: 9222821301682146964

44 dolemite99 the Twirler (level 3, 0/27 HPs)
             Began as a Demonspawn Gladiator on Aug 7, 2021.
             Was a Follower of Yredelemnul.
             Slain by an adder (1 damage)
             ... on level 2 of the Dungeon.
             The game lasted 00:01:36 (1897 turns).

dolemite99 the Twirler (Demonspawn Gladiator)       Turns: 1897, Time: 00:01:36

Health: 0/27       AC:  4    Str: 12 (15) XL:     3   Next: 39%
Magic:  3/3        EV: 12    Int:  6 (9)  God:    Yredelemnul [*.....]
Gold:   14         SH:  0    Dex: 13 (14) Spells: 2/2 levels left

rFire    . . .     SeeInvis .   a - +0 quarterstaff
rCold    . . .     Faith    .   (shield currently unavailable)
rNeg     . . .     Spirit   .   b - +0 leather armour
rPois    .         Reflect  .   c - +0 helmet
rElec    .         Harm     .   (no cloak)
rCorr    .         Rampage  .   (no gloves)
Will     .....                  (no boots)
Stlth    +.........             (no amulet)
HPRegen  0.09/turn              (no ring)
MPRegen  0.08/turn              (no ring)

@: no status effects
A: sturdy frame 1
a: Renounce Religion, Animate Remains


You were on level 2 of the Dungeon.
You worshipped Yredelemnul.
Yredelemnul was aware of your devotion.
You visited 1 branch of the dungeon, and saw 2 of its levels.

You collected 14 gold pieces.

Inventory:

Hand Weapons
 a - a +0 quarterstaff (weapon)
 e - a +0 hunting sling
Missiles
 d - 3 throwing nets (quivered)
 h - 41 stones
 l - 13 poisoned darts
 m - 19 bolts
Armour
 b - a +0 leather armour (worn)
 c - a +0 helmet (worn)
Jewellery
 i - a ring of ice
Scrolls
 f - a scroll of vulnerability {unknown}
 j - a scroll of fog {unknown}
 k - a scroll of identify {unknown}
 n - a scroll of fear {unknown}


   Skills:
 - Level 2.0 Fighting
 + Level 4.1 Staves
 - Level 1.8 Throwing
 - Level 2.7 Dodging


You had 2 spell levels left.
You didn't know any spells.
Your spell library was empty.

Dungeon Overview and Level Annotations

Branches:
Dungeon (2/15)

Altars:
Yredelemnul

Shops:
D:1 (


Innate Abilities, Weirdness & Mutations

Your movements are slightly less encumbered by armour. (ER -2)


Message History

The goblin hits you but does no damage.
You barely miss the goblin. The goblin hits you but does no damage.
You miss the adder. The adder barely misses you.
The goblin hits you but does no damage. The adder closely misses you.
You closely miss the adder. The adder bites you. x2
You are poisoned.
The adder poisons you!
You closely miss the adder.
You feel sick. The adder misses you.
You completely miss the adder.
You feel sick. The adder closely misses you. The adder bites you.
You barely miss the adder.
You feel sick. The adder misses you.
You are too injured to fight recklessly!
You miss the adder.
You feel sick. The adder misses you. The adder bites you.
You are more poisoned.
The adder poisons you!
You are too injured to fight recklessly!
You miss the adder.
You feel sick. The adder closely misses you.
It was a potion of degeneration.
There was something very wrong with that liquid.
You feel weakened.
You feel dopey.
You feel clumsy.
You feel sick. The adder closely misses you.
You barely miss the adder.
You feel sick. The adder barely misses you. x2
You closely miss the adder.
You feel sick. The adder closely misses you.
You barely miss the adder.
You feel sick.
The adder bites you but does no damage. x2
You hit the adder.
The adder is moderately wounded.
You feel sick.
You are no longer poisoned.
The adder bites you.
* * * LOW HITPOINT WARNING * * *
You miss the adder.
The adder is moderately wounded.
The adder barely misses you.
You miss the adder.
The adder is moderately wounded.
The adder bites you.
You die...
Your body rises from the dead as a mindless zombie.

#......#..###......#
###...##.## #......#
###.#..####......##
#.###.........# #.#
#.........## ##.#
#........... #..#
#.........## ##.##
#.........# #@.#
#.........# ##S##
#.........# #.g##
#.........# ##...#
#.........# #....#
#####....## #....#
#....# ......#
#....# ...##...#
#....# ..>.. #####
#....#


You could see an adder and a goblin.

Vanquished Creatures
  A dart slug (D:1)
  2 bats (D:1)
  4 endoplasms (D:1)
  2 giant cockroaches (D:1)
  6 hobgoblins
  4 kobolds
  3 quokkas
  4 ball pythons (D:1)
  2 frilled lizards (D:1)
  5 goblins
  3 rats
36 creatures vanquished.

Notes
Turn   | Place    | Note
-------+----------+-------------------------------------------
     0 | D:1      | dolemite99 the Demonspawn Gladiator began the quest for the
                  | Orb.
     0 | D:1      | Reached XP level 1. HP: 16/16 MP: 1/1
    14 | D:1      | Found Olaxtilo's Weapon Boutique.
   280 | D:1      | Reached skill level 3 in Staves
   291 | D:1      | Gained mutation: Your movements are slightly less
                  | encumbered by armour. (ER -2) [demonic ancestry]
   291 | D:1      | Reached XP level 2. HP: 16/22 MP: 2/2
  1235 | D:1      | Found a faded altar of an unknown god.
  1241 | D:1      | Reached XP level 3. HP: 22/27 MP: 3/3
  1251 | D:1      | Became a worshipper of Yredelemnul the Dark
  1251 | D:1      | Reached * piety under Yredelemnul
  1657 | D:2      | Reached skill level 4 in Staves
  1895 | D:2      | HP: 1/27 [adder (4)]
  1897 | D:2      | Slain by an adder

Illustrated notes

Levels and vault maps discovered:
D:1:      wander_arrival_fairy_ring, layout_loops_ring,
          shapermc_ecumenical_altar_venn, serial_aquarium,
          aquarium_bridge_long_separate [aquarium_subvault_wall,
          aquarium_subvault_window, aquarium_subvault_bridge,
          aquarium_subvault_window, aquarium_subvault_bridge,
          aquarium_subvault_balcony], aquarium_window_corridor_1,
          aquarium_window_corner, aquarium_window_2, aquarium_window_corner,
          aquarium_view_2c, aquarium_view_2c, aquarium_balcony_double_4,
          aquarium_pool_side, serial_shops, shop, chequers_arboretum,
          minmay_crystal_room
D:2:      minmay_skewed_foursquare, layout_basic, serial_shops,
          nicolae_shop_crystal

Skill      XL: |  1  2  3 |
---------------+----------+-----
Staves         | 3 4 |  4.1
Fighting       | |  2.0
Throwing       | |  1.8
Dodging        | |  2.7

Action                   || total
-------------------------++-------
Melee: Quarterstaff      ||   112
  Use: Potion            ||     1
 Stab: Sleeping          ||     1
Armor: Leather armour    ||    33
Dodge: Dodged            ||    86
